 Dungeon Crawl Stone Soup version 0.31-a0-259-g771a54ca4b (webtiles) character file.

Game seed: 7851882463873165525

280 qw the Shooter (level 6, -1/36 HPs)
             Began as a Gargoyle Hexslinger on July 13, 2023.
             Slain by Ijyb
             ... wielding a +6 dagger of draining
              (5 damage)
             ... on level 2 of the Dungeon.
             The game lasted 00:01:12 (2230 turns).

qw the Shooter (Gargoyle Hexslinger)                Turns: 2230, Time: 00:01:13

Health: -1/36      AC:  9    Str: 12    XL:     6   Next: 27%
Magic:  7/7        EV: 12    Int: 13    God:
Gold:   185        SH:  0    Dex: 14    Spells: 6/7 levels left

rFire   . . .        Y - +1 sling
rCold   . . .        (no shield)
rNeg    + . .        c - +0 robe
rPois   inf          h - +0 helmet
rElec   +            (no cloak)
rCorr   .            (no gloves)
SInv    .            e - +1 pair of boots
Will    .....        (no amulet)
Stlth   +            (no ring)
HPRegen 0.26/turn    (no ring)
MPRegen 0.10/turn

%: no passive effects
@: no status effects
A: sickness immunity, AC +4, negative energy resistance 1, electricity
resistance, torment resistance 1, petrification resistance
a: no special abilities


You were on level 2 of the Dungeon.
You visited 1 branch of the dungeon, and saw 3 of its levels.

You collected 185 gold pieces.


Innate Abilities, Weirdness & Mutations

You are immune to sickness and miasma.
Your stone body is resilient. (AC +4)
You are immune to poison.
You resist negative energy. (rN+)
You are resistant to electric shocks. (rElec)
You are resistant to unholy torment.
You are immune to petrification.


   Skills:
 + Level 2.8 Fighting
 - Level 5.9 Ranged Weapons
 - Level 1.5 Dodging
 - Level 1.0 Spellcasting
 - Level 2.6 Hexes


You had 6 spell levels left.
You knew the following spells:

 Your Spells              Type           Power      Damage    Failure   Level
a - Slow                  Hex            28%        N/A       10%         1

Your spell library contained the following spells:

 Spells                   Type           Power      Damage    Failure   Level
 Inner Flame              Hex/Fire       4%         N/A       43%         3
 Portal Projectile        Hex/Tloc       8%         N/A       43%         3
 Cause Fear               Hex            3%         N/A       67%         4

Inventory:

Hand Weapons
 Y - a +1 sling (weapon)
Armour
 c - a +0 robe (worn)
 e - a +1 pair of boots (worn)
 h - a +0 helmet (worn)
 j - a +0 pair of gloves
Scrolls
 m - 2 scrolls of identify
Potions
 b - a potion of magic {unknown}
 d - a potion of mutation {unknown}
 f - a potion of brilliance {unknown}
 g - a potion of curing
 i - 2 potions of lignification {unknown}
 k - a potion of ambrosia {unknown}
 l - 2 potions of haste {unknown}

Dungeon Overview and Level Annotations

Branches:
Dungeon (3/15)

Altars:

Annotations:
D:2 Ijyb


Message History

2213 ||| FLEEEEING.
Your transformation is almost over.
Ijyb grins evilly.
2214 ||| FLEEEEING.
2215 ||| FLEEEEING.
Ijyb screams, "It's all mine!"
2216 ||| FLEEEEING.
You see here a +0 whip.
2217 ||| FLEEEEING.
2218 ||| FLEEEEING.
Ijyb attacks as you move away! Ijyb closely misses you.
2219 ||| FLEEEEING.
2220 ||| FLEEEEING.
Ijyb attacks as you move away! Ijyb misses you.
2221 ||| FLEEEEING.
Ijyb attacks as you move away!
Ijyb hits you with a +6 dagger of draining.
You condense into your normal self.
Your +1 sling unmelds from your body.
Your +0 helmet unmelds from your body.
Your +1 pair of boots unmelds from your body.
Your +0 robe unmelds from your body.
You shoot a sling bullet. The sling bullet closely misses Ijyb.
Ijyb hits you with a +6 dagger of draining.
You shoot a sling bullet. The sling bullet hits Ijyb.
Ijyb is lightly wounded.
Ijyb zaps a wand.
You resist with some effort.
You shoot a sling bullet. The sling bullet closely misses Ijyb.
Ijyb zaps a wand.
You resist with some effort.
You shoot a sling bullet. The sling bullet barely misses Ijyb.
Ijyb hits you but does no damage. x2
You shoot a sling bullet. The sling bullet hits Ijyb.
Ijyb is moderately wounded.
Ijyb hits you with a +6 dagger of draining.
You shoot a sling bullet. The sling bullet closely misses Ijyb.
Ijyb misses you.
You shoot a sling bullet. The sling bullet closely misses Ijyb.
Ijyb hits you with a +6 dagger of draining!
You shoot a sling bullet. The sling bullet closely misses Ijyb.
Ijyb hits you but does no damage.
You shoot a sling bullet. The sling bullet hits Ijyb.
Ijyb is moderately wounded.
Ijyb hits you with a +6 dagger of draining.
You die...

#......'...# # #..###.#...### #
#......'...+.# ####
###<###.#...#.# #...
........%...#.### #...
................## #...
.......##.##.....# #...
.......##..#.....# #...
.......###......@####### #...
..............#..g.....# ####
#####%.....##.#........#
#......##.'........# #######
##.......##......).# #......
######.......##........####.#####
...).'.......+...................
######.......###########.##.#####
######### #...>.....


You could see Ijyb.

Vanquished Creatures
  Sigmund (D:2)
  Robin (D:3)
  2 adders (D:2)
  2 worms
  3 dart slugs
  3 orcs (D:3)
  4 ball pythons
  6 endoplasms
  9 goblins
  11 hobgoblins
  4 jackals (D:2)
  7 kobolds
  2 quokkas
  8 bats
  A frilled lizard (D:1)
  6 rats
70 creatures vanquished.

Notes
Turn   | Place    | Note
-------+----------+-------------------------------------------
     0 | D:1      | qw the Gargoyle Hexslinger began the quest for the Orb.
     0 | D:1      | Reached XP level 1. HP: 12/12 MP: 2/2
     0 | D:1      | 0 ||| qw: Version: 0.3-a-52-g30416fa
     0 | D:1      | 0 ||| qw: Game counter: 6832
     0 | D:1      | 0 ||| qw: Melee chars always use a shield: true
     0 | D:1      | 0 ||| qw: God list: Okawaru
     0 | D:1      | 0 ||| qw: Allow faded altars: false
     0 | D:1      | 0 ||| qw: Do Orc after clearing Dungeon:15 true
     0 | D:1      | 0 ||| qw: Do second Lair branch before Depths: true
     0 | D:1      | 0 ||| qw: Lair rune preference: random
     0 | D:1      | 0 ||| qw: Goals: Normal
     0 | D:1      | 0 ||| PLANNING D:1-11
    59 | D:1      | Found a faded altar of an unknown god.
   120 | D:1      | Reached XP level 2. HP: 16/16 MP: 3/3
   226 | D:1      | Reached skill level 3 in Ranged Weapons
   238 | D:1      | 238 ||| FLEEEEING.
   284 | D:1      | Reached XP level 3. HP: 19/21 MP: 4/4
   736 | D:1      | 736 ||| UPGRADING to +1 pair of boots.
   741 | D:1      | 741 ||| UPGRADING to +0 helmet.
   746 | D:1      | 746 ||| READING scroll labelled DUTINT GODD.
   760 | D:1      | 760 ||| READING scroll labelled YRIROF RAORGHAO.
   761 | D:1      | 761 ||| READING scroll labelled SEIVIZ ZIKOMP.
   762 | D:1      | 762 ||| READING scroll labelled JIFA JUUSU UCW.
   765 | D:1      | 765 ||| DROPPING scroll of poison.
   885 | D:2      | Reached XP level 4. HP: 26/26 MP: 5/5
  1066 | D:2      | Reached skill level 4 in Ranged Weapons
  1254 | D:2      | Noticed Sigmund
  1256 | D:2      | 1256 ||| FLEEEEING.
  1257 | D:2      | 1257 ||| FLEEEEING.
  1258 | D:2      | 1258 ||| FLEEEEING.
  1279 | D:2      | Killed Sigmund
  1280 | D:2      | Reached skill level 5 in Ranged Weapons
  1280 | D:2      | Reached XP level 5. HP: 19/30 MP: 6/6
  1280 | D:2      | Reached XP level 6. HP: 23/35 MP: 7/7
  1630 | D:2      | 1630 ||| DRINKING 2 viscous black potions.
  1899 | D:3      | 1899 ||| FLEEEEING.
  1994 | D:3      | Noticed Robin
  2015 | D:3      | HP: 8/36 [goblin/+0 club[Robin] (6)]
  2016 | D:3      | 2016 ||| READING scroll of teleportation.
  2018 | D:3      | Killed Robin
  2151 | D:3      | Noticed Ijyb
  2155 | D:3      | 2155 ||| FLEEEEING.
  2156 | D:3      | 2156 ||| FLEEEEING.
  2157 | D:3      | 2157 ||| FLEEEEING.
  2158 | D:3      | 2158 ||| FLEEEEING.
  2160 | D:3      | 2160 ||| FLEEEEING.
  2161 | D:3      | 2161 ||| FLEEEEING.
  2174 | D:3      | 2174 ||| FLEEEEING.
  2175 | D:3      | 2175 ||| FLEEEEING.
  2176 | D:3      | 2176 ||| FLEEEEING.
  2177 | D:3      | 2177 ||| FLEEEEING.
  2178 | D:3      | 2178 ||| FLEEEEING.
  2179 | D:3      | 2179 ||| FLEEEEING.
  2180 | D:3      | 2180 ||| FLEEEEING.
  2181 | D:3      | 2181 ||| FLEEEEING.
  2182 | D:3      | 2182 ||| FLEEEEING.
  2183 | D:3      | 2183 ||| FLEEEEING.
  2184 | D:3      | 2184 ||| FLEEEEING.
  2185 | D:3      | 2185 ||| FLEEEEING.
  2186 | D:3      | 2186 ||| FLEEEEING.
  2187 | D:3      | 2187 ||| FLEEEEING.
  2188 | D:3      | 2188 ||| FLEEEEING.
  2200 | D:3      | 2200 ||| FLEEEEING.
  2201 | D:3      | 2201 ||| FLEEEEING.
  2202 | D:3      | 2202 ||| FLEEEEING.
  2203 | D:3      | 2203 ||| FLEEEEING.
  2204 | D:3      | 2204 ||| FLEEEEING.
  2205 | D:3      | 2205 ||| FLEEEEING.
  2206 | D:3      | 2206 ||| FLEEEEING.
  2207 | D:3      | 2207 ||| FLEEEEING.
  2208 | D:3      | 2208 ||| FLEEEEING.
  2209 | D:3      | 2209 ||| STAIRDANCE
  2211 | D:2      | 2211 ||| FLEEEEING.
  2212 | D:2      | 2212 ||| FLEEEEING.
  2213 | D:2      | 2213 ||| FLEEEEING.
  2214 | D:2      | 2214 ||| FLEEEEING.
  2215 | D:2      | 2215 ||| FLEEEEING.
  2216 | D:2      | 2216 ||| FLEEEEING.
  2217 | D:2      | 2217 ||| FLEEEEING.
  2218 | D:2      | 2218 ||| FLEEEEING.
  2219 | D:2      | 2219 ||| FLEEEEING.
  2220 | D:2      | 2220 ||| FLEEEEING.
  2221 | D:2      | 2221 ||| FLEEEEING.
  2228 | D:2      | HP: 3/36 [Ijyb/+6 dagger of draining (9)]
  2230 | D:2      | Slain by Ijyb

Levels and vault maps discovered:
D:1:      ncdulo_lavacross, layout_basic,
          hellmonk_ecumenical_altar_heavens_door, minmay_vboxes
D:2:      layout_basic, uniq_sigmund
D:3:      layout_basic, guppyfry_early_orc_mine, uniq_robin, uniq_ijyb

Skill      XL: |  1  2  3  4 |
---------------+-------------+-----
Ranged Weapons | 3 5 |  5.9
Fighting       | 2 |  2.8
Dodging        | |  1.5
Spellcasting   | |  1.0
Hexes          | |  2.6

Action                     |  1- 3 |  4- 6 || total
---------------------------+-------+-------++-------
   Fire: Sling             |   131 |   154 ||   285
    Use: Scroll            |     4 |     1 ||     5
         Potion            |       |     1 ||     1
 Armour: Robe              |    21 |    56 ||    77
         Skin              |       |     1 ||     1
  Dodge: Dodged            |    39 |   100 ||   139

Table legend:
 A = Non-vault XP
 B = Vault XP
 C = Vault XP percentage of total XP
 D = Non-vault monster count
 E = Vault monster count
 F = Vault count percentage of total count
                 A         B        C        D         E       F
            +---------+---------+-------+---------+---------+-------
      Total |     110 |     291 |  72.6 |      46 |      24 |  34.3
            +---------+---------+-------+---------+---------+-------
        D:1 |      37 |      17 |  31.5 |      22 |       9 |  29.0
        D:2 |      62 |     231 |  78.8 |      19 |       1 |   5.0
        D:3 |      11 |      43 |  79.6 |       5 |      14 |  73.7
            +---------+---------+-------+---------+---------+-------
